cohdb
Replays
Latest Replays
All Replays
Popular Replays
Top Player Replays
Match Explorer
How It Works
Community
CoH3 Stats
Reddit
Sign in to upload your games and track your stats! →
Sign in with Steam
Match 23782694
Unlisted
Match 23782694
Overview
Messages
Build Orders
End
Construct Barracks
Riflemen Squad
Riflemen Squad
Construct Weapon Support Center
Bazooka Squad
Grenade Package
M1919 Machine Gun Team
Selects Advanced Infantry Battlegroup
Selects Convert to Ranger Squad
Selects Frontline Medical Station
Frontline Medical Station
Mechanized Support Center
M1 Mortar Team
Construct Motor Pool
M1 Anti-tank Gun Team
M24 Chaffee Light Tank
Improved M9 Bazooka Rockets
M1918 Browning Automatic Rifles
Selects Infantry Assault
Infantry Assault
Designate Forward Repair Station
Engineer Squad
Infantry Assault
Infantry Assault
Society is a Lie
Obung
Меткић'94
UH|dun! ツ
iceman
UH|XTC
0
0
Comments
sign in to comment!
No comments posted yet!